 Dungeon Crawl Stone Soup version 0.23.1 (webtiles) character file.

Game seed: 14377093968618894530

94 Yunesin the Chopper (level 4, -5/32 HPs)
             Began as an Octopode Berserker on Mar 14, 2019.
             Was a Believer of Trog.
             Killed from afar by an orc wizard (7 damage)
             ... with a magic dart
             ... on level 3 of the Dungeon.
             The game lasted 00:06:43 (2335 turns).

Yunesin the Chopper (Octopode Berserker)            Turns: 2335, Time: 00:06:45

Health: -5/32      AC:  2    Str: 16    XL:     4   Next: 63%
Magic:  4/4        EV: 15    Int:  9    God:    Trog [**....]
Gold:   91         SH:  0    Dex: 14    Spells: 3/3 levels left

rFire    . . .     SeeInvis .   a - +0 hand axe
rCold    . . .     Gourm    .   (no shield)
rNeg     . . .     Faith    .   (helmet restricted)
rPois    .         Spirit   .   (no amulet)
rElec    .         Reflect  .   g - +2 ring of dexterity
rCorr    .         Harm     .   p - +1 ring of protection
MR       .....                  (no ring)
Stlth    ++........             (no ring)
HPRegen  0.10/turn              (no ring)
MPRegen  0.09/turn              (no ring)
                                (no ring)
                                (no ring)

@: berserk cooldown, slowed, very slow
A: almost no armour, stealthy swim, amphibious, 8 rings, constrict 8, camouflage
1, gelatinous body 1
a: Berserk, Trog's Hand, Renounce Religion


You were on level 3 of the Dungeon.
You worshipped Trog.
Trog was pleased with you.
You were very hungry.

You visited 1 branch of the dungeon, and saw 3 of its levels.

You collected 91 gold pieces.

Inventory:

Hand Weapons
 a - a +0 hand axe (weapon)
Jewellery
 g - a +2 ring of dexterity (left tentacle)
 p - a +1 ring of protection (right tentacle)
Scrolls
 d - a scroll of fear {unknown}
 e - a scroll of identify {unknown}
 f - a scroll of amnesia {unknown}
 h - 2 scrolls of teleportation {unknown}
 i - a scroll of remove curse {unknown}
 l - a scroll of fog {unknown}
 n - a scroll of enchant weapon {unknown}
Potions
 c - a potion of degeneration {unknown}
 j - a potion of cancellation {unknown}
 m - a potion of magic {unknown}
 o - 2 potions of berserk rage {unknown}
Comestibles
 b - 11 rations
 k - 9 chunks of flesh


   Skills:
 + Level 3.6 Fighting
 * Level 4.0 Axes
 * Level 4.0 Dodging
 - Level 0.2 Stealth


You had 3 spell levels left.
You didn't know any spells.
Your spell library was empty.

Dungeon Overview and Level Annotations

Branches:
Dungeon (3/15)

Altars:


Innate Abilities, Weirdness & Mutations

You cannot wear most types of armour.
You are very stealthy in the water. (Stealth+)
You are amphibious.
You can wear up to eight rings at the same time.
You can use your tentacles to constrict eight enemies at once.
Your skin changes colour to match your surroundings (Stealth+).
Your rubbery body absorbs attacks. (AC +1, EV +1)


Message History

The orc priest invokes the aid of Beogh against you.
Beogh smites you!
* * * LOW HITPOINT WARNING * * *
You slash the rat!
You kill the rat!
Trog accepts your kill.
The orc wizard casts a spell.
The orc wizard blinks!
The orc priest mumbles some strange prayers to Beogh against you.
Pain shoots through your body!
* * * LOW HITPOINT WARNING * * *
The orc priest looks braver for a moment.
You feel a strong urge to attack something.
You are no longer berserk.
Trog's vigour flows through your veins.
You are exhausted.
You feel yourself slow down.
The orc wizard points at you and mumbles some strange words.
The magic dart hits you!
You die...

#.......#+##
#.......#.#
#.......#.#
######
####..###.#
#....#
##<###'####....#
#.##......(...#
#..#.......####
#####..#.......#
.........(()(@..#
########........#
#........#
##.o#######
#..>))....#.#
#####........
#.oo....#
#.o.....#
#.......#


You could see an orc wizard.

Vanquished Creatures
  2 adders
  An ooze (D:3)
  2 worms (D:2)
  A leopard gecko (D:3)
  3 orcs
  A ball python (D:1)
  5 giant cockroaches
  3 goblins
  8 hobgoblins
  3 jackals (D:1)
  11 kobolds
  2 quokkas (D:2)
  5 bats
  7 frilled lizards
  5 rats
59 creatures vanquished.

Notes
Turn   | Place    | Note
-------+----------+-------------------------------------------
     0 | D:1      | Yunesin the Octopode Berserker began the quest for the Orb.
     0 | D:1      | Reached XP level 1. HP: 16/16 MP: 1/1
   100 | D:1      | Reached XP level 2. HP: 15/21 MP: 2/2
   473 | D:1      | Reached ** piety under Trog
   476 | D:1      | Reached XP level 3. HP: 20/26 MP: 3/3
  1864 | D:2      | Reached XP level 4. HP: 31/31 MP: 4/4
  2335 | D:3      | Killed from afar by an orc wizard

Skill      XL: |  1  2  3  4 |
---------------+-------------+-----
Axes           | 4 |  4.0
Dodging        | 4 |  4.0
Fighting       | |  3.6
Stealth        | |  0.2

Action                   |  1- 3 |  4- 6 || total
-------------------------+-------+-------++-------
Melee: Hand axe          |    66 |    31 ||    97
       Constrict         |    18 |     8 ||    26
       Tentacles         |     9 |     3 ||    12
Invok: Berserk           |       |     2 ||     2
 Stab: Sleeping          |     7 |       ||     7
       Distracted        |       |     1 ||     1
  Eat: Ration            |     1 |       ||     1
       Chunk             |       |     2 ||     2
Armor: Skin              |     7 |     3 ||    10
Dodge: Dodged            |    46 |    20 ||    66
